 Dungeon Crawl Stone Soup version 0.28-a0-769-g550dbda0cd (webtiles) character file.

Game seed: 7550519285477495799

591 AlleluiaPinecone the Skirmisher (level 7, 0/60 HPs)
             Began as a Red Draconian Berserker on Oct 31, 2021.
             Was a Priest of Trog.
             Slain by a phantom (2 damage)
             ... on level 4 of the Dungeon.
             The game lasted 00:10:39 (4628 turns).

AlleluiaPinecone the Skirmisher (DrBe)              Turns: 4628, Time: 00:10:39

Health: 0/60       AC:  7    Str: 20    XL:     7   Next: 16%
Magic:  7/7        EV: 12    Int:  8    God:    Trog [***...]
Gold:   158        SH:  3    Dex: 11    Spells: 6/6 levels left

rFire   + . .      SeeInvis .   a - +2 dagger (venom)
rCold   . . .      Faith    .   p - +0 buckler
rNeg    . . .      Spirit   .   (armour unavailable)
rPois   .          Reflect  .   (helmet restricted)
rElec   .          Harm     .   u - +0 cloak
rCorr   .          Rampage  .   (no gloves)
Will    .....                   (no boots)
Stlth   +.........              (no amulet)
HPRegen 0.20/turn               (no ring)
MPRegen 0.10/turn               (no ring)

@: no status effects
A: breathe fire, AC +6, unfitting armour, fire resistance 1, cold-blooded
a: Breathe Fire, Renounce Religion, Berserk, Trog's Hand


You were on level 4 of the Dungeon.
You worshipped Trog.
Trog was most pleased with you.
You visited 1 branch of the dungeon, and saw 4 of its levels.

You collected 158 gold pieces.

Inventory:

Hand Weapons
 a - a +2 dagger of venom (weapon)
 b - a +0 fustibalus
Missiles
 h - 101 stones (quivered)
 i - 30 arrows
 j - 35 bolts
 w - 9 javelins
 y - 20 sling bullets
Armour
 p - a +0 buckler (worn)
 u - a +0 cloak (worn)
Jewellery
 m - a ring of protection from cold
Wands
 o - a wand of flame (15)
Scrolls
 c - a scroll of acquirement {unknown}
 d - a scroll of immolation {unknown}
 k - a scroll of silence {unknown}
 l - 3 scrolls of identify {unknown}
 s - a scroll of enchant armour {unknown}
 x - a scroll of blinking {unknown}
 z - a scroll of noise {unknown}
Potions
 e - a potion of ambrosia {unknown}
 f - a potion of might {unknown}
 g - a potion of haste {unknown}
 n - 2 potions of curing {unknown}
 q - a potion of lignification {unknown}
 r - 2 potions of resistance {unknown}
 t - a potion of brilliance {unknown}
 v - 2 potions of cancellation {unknown}


   Skills:
 + Level 4.6 Fighting
 * Level 3.2 Short Blades
 - Level 3.9 Polearms
 * Level 3.8 Slings
 + Level 3.9 Dodging
 + Level 0.5 Shields


You had 6 spell levels left.
You didn't know any spells.
Your spell library was empty.

Dungeon Overview and Level Annotations

Branches:
Dungeon (4/15)             Temple (0/1) D:4

Altars:
Fedhas


Innate Abilities, Weirdness & Mutations

You can breathe blasts of fire.
Your fiery red scales are hard. (AC +6)
You cannot fit into any form of body armour.
Your flesh is heat resistant. (rF+)
You are cold-blooded and may be slowed by cold attacks.


Message History

You are too injured to fight recklessly!
You are too injured to fight recklessly!
You are too injured to fight recklessly!
You are too injured to fight recklessly!
You are too injured to fight recklessly!
You are too injured to fight recklessly!
You are too injured to fight recklessly!
You barely miss something. The phantom barely misses you.
Something hits you but does no damage. The endoplasm closely misses you.
You miss something.
The phantom hits you but does no damage.
Something hits you but does no damage.
You barely miss something.
Your tail-slap misses something.
The endoplasm misses you. The phantom hits you.
Something hits you but does no damage.
You miss something. The endoplasm closely misses you.
The phantom barely misses you.
You hear some strange, mumbled words.
A puff of flame appears from out of thin air!
The puff of flame hits you. You resist.
You miss something. The endoplasm closely misses you. The phantom hits you!
* * * LOW HITPOINT WARNING * * *
Something hits you but does no damage.
You hit something. You tail-slap something. The endoplasm freezes you.
You are frozen.
* * * LOW HITPOINT WARNING * * *
The phantom misses you. Something barely misses you.
You hit something. The endoplasm freezes you.
You are frozen.
* * * LOW HITPOINT WARNING * * *
The phantom hits you but does no damage.
Something hits you but does no damage.
You hit something but do no damage. The endoplasm freezes you.
You are frozen.
* * * LOW HITPOINT WARNING * * *
The phantom hits you.
You die...

##.....#
♣..♣
.......#
♣..♣
......##
♣..♣
####..#
♣..♣ ..#
♣..♣ ###
..#
♣♣.o♣♣
......#
♣.##.♣
......#
♣.##W♣
.....
♣♣[@♣♣
####.
♣J{♣
♣.(♣
♣..♣
♣..♣
♣..♣
♣..♣
♣..♣
#++#


You could see a phantom and an endoplasm.

Vanquished Creatures
  Sigmund (D:2)
  An ogre (D:3)
  A phantom (D:4)
  A water moccasin skeleton (D:4)
  An orc priest (D:3)
  Jessica (D:2)
  An orc wizard (D:3)
  Robin (D:2)
  3 adders
  An adder skeleton (D:4)
  2 worms
  4 dart slugs
  10 orcs (D:3)
  3 ball pythons (D:2)
  5 bats
  3 endoplasms
  4 giant cockroaches
  18 goblins
  17 hobgoblins
  3 jackals (D:1)
  5 quokkas
  3 frilled lizards
  6 kobolds
  A rat (D:3)
96 creatures vanquished.

Notes
Turn   | Place    | Note
-------+----------+-------------------------------------------
     0 | D:1      | AlleluiaPinecone the Draconian Berserker began the quest
                  | for the Orb.
     0 | D:1      | Reached XP level 1. HP: 19/19 MP: 1/1
   144 | D:1      | Reached XP level 2. HP: 15/26 MP: 2/2
   895 | D:1      | Noticed a great orb of eyes
   896 | D:1      | Found a faded altar of an unknown god.
   900 | D:1      | Noticed a floating eye
   900 | D:1      | Noticed an eye of devastation
   900 | D:1      | Noticed a golden eye
  1395 | D:2      | Reached XP level 3. HP: 33/33 MP: 3/3
  1494 | D:2      | Reached ** piety under Trog
  2063 | D:2      | Reached skill level 4 in Fighting
  2063 | D:2      | Reached XP level 4. HP: 40/40 MP: 4/4
  2112 | D:2      | Found a blossoming altar of Fedhas.
  2136 | D:2      | Noticed Sigmund
  2146 | D:2      | Killed Sigmund
  2147 | D:2      | Reached skill level 1 in Short Blades
  2147 | D:2      | Reached XP level 5. HP: 47/47 MP: 5/5
  2266 | D:2      | Noticed Robin
  2343 | D:2      | Killed Robin
  2640 | D:2      | Noticed Jessica
  2644 | D:2      | Killed Jessica
  2645 | D:2      | Reached XP level 6. HP: 53/53 MP: 6/6
  3294 | D:3      | Reached *** piety under Trog
  4294 | D:4      | Found a staircase to the Ecumenical Temple.
  4415 | D:4      | Your scales start taking on a fiery red colour.
  4415 | D:4      | Reached XP level 7. HP: 50/60 MP: 7/7
  4415 | D:4      | Gained mutation: Your flesh is heat resistant. (rF+) [Red
                  | Draconian growth]
  4628 | D:4      | HP: 2/60 [frozen (4)]
  4628 | D:4      | Slain by a phantom

Illustrated notes

Levels and vault maps discovered:
D:1:      sevenhm_arrival_forest_fort_small_3, layout_loops_cross,
          hellmonk_ecumenical_altar_watching_god, hex_tiny
D:2:      wad_crossroads, layout_basic, basic_altar,
          minmay_misc_feat_more_columns, uniq_sigmund, uniq_jessica, uniq_robin
D:3:      layout_basic
D:4:      kennysheep_big_flooded_room, layout_loops_cross,
          minmay_temple_entry_antechambers

Skill      XL: |  1  2  3  4  5  6  7 |
---------------+----------------------+-----
Dodging        | 3 |  3.9
Fighting       | 4 |  4.6
Short Blades   | 1 2 3 |  3.2
Slings         | 2 3 |  3.8
Polearms       | |  3.9
Shields        | |  0.5

Action                   |  1- 3 |  4- 6 |  7- 9 || total
-------------------------+-------+-------+-------++-------
Melee: Spear             |   113 |       |       ||   113
       Tailslap          |     9 |    13 |     4 ||    26
       Dagger            |       |   109 |    37 ||   146
 Fire: Fustibalus        |    13 |    47 |       ||    60
Invok: Berserk           |       |     5 |       ||     5
       Trog's Hand       |       |     4 |       ||     4
 Stab: Sleeping          |     1 |       |       ||     1
Armor: Skin              |    33 |    31 |    17 ||    81
Dodge: Dodged            |    53 |    59 |    19 ||   131
Block: Buckler           |       |    12 |     4 ||    16

Table legend: (Time is in decaauts)
 A = Elapsed time spent in this place.
 B = Non-inter-level travel time spent in this place.
 C = Inter-level travel time spent in this place.
 D = Time resting spent in this place.
 E = Time spent auto-exploring this place.
 F = Levels seen in this place.
 G = Mean time per level.
                   A        B        C        D        E       F      G
               +--------+--------+--------+--------+--------+-----+--------+
         Total |   4667 |   4606 |     61 |   1283 |   2598 |   4 | 1166.8 |
       Dungeon |   4667 |   4606 |     61 |   1283 |   2598 |   4 | 1166.8 |
               +--------+--------+--------+--------+--------+-----+--------+

Top non-repeatable levels by time:
     D:2: 1706 daAuts
     D:1: 1384 daAuts
     D:3: 1241 daAuts
     D:4: 335 daAuts
